 Dungeon Crawl Stone Soup version 0.29-a0-322-g68df515428 (webtiles) character file.

Game seed: 8665951646014181748

100 101zpm the Skirmisher (level 4, -1/29 HPs)
             Began as a Gargoyle Fighter on Apr 8, 2022.
             Slain by a gnoll
             ... wielding a +0 flail
              (4 damage)
             ... on level 3 of the Dungeon.
             The game lasted 00:02:47 (2324 turns).

101zpm the Skirmisher (Gargoyle Fighter)            Turns: 2324, Time: 00:02:48

Health: -1/29      AC: 12    Str: 21    XL:     4   Next: 74%
Magic:  4/4        EV:  7    Int:  9    God:
Gold:   218        SH:  4    Dex:  9    Spells: 3/3 levels left

rFire   . . .      SeeInvis .   l - +2 short sword (venom)
rCold   . . .      Faith    .   c - +0 buckler
rNeg    + . .      Spirit   .   m - +0 chain mail
rPois   ∞          Reflect  .   (no helmet)
rElec   +          Harm     .   (no cloak)
rCorr   .          Rampage  .   (no gloves)
Will    .....                   (no boots)
Stlth   ..........              (no amulet)
HPRegen 0.09/turn               (no ring)
MPRegen 0.09/turn               (no ring)

@: no status effects
A: sickness immunity, AC +3, negative energy resistance 1, electricity
resistance, torment resistance 1, petrification resistance
a: no special abilities


You were on level 3 of the Dungeon.
You visited 1 branch of the dungeon, and saw 3 of its levels.

You collected 218 gold pieces.

Inventory:

Hand Weapons
 a - a +0 flail
 l - a +2 short sword of venom (weapon)
 o - a +0 hunting sling
Missiles
 h - 17 poisoned darts (quivered)
 i - 73 stones
Armour
 b - a +0 scale mail
 c - a +0 buckler (worn)
 m - a +0 chain mail (worn)
Jewellery
 p - a ring of see invisible
 q - an amulet of regeneration
Scrolls
 e - 4 scrolls of identify {unknown}
 g - 2 scrolls of teleportation {unknown}
 j - a scroll of blinking {unknown}
 n - a scroll of summoning {unknown}
Potions
 d - 2 potions of might
 f - a potion of berserk rage {unknown}
 k - 2 potions of brilliance {unknown}
 r - a potion of degeneration {unknown}


   Skills:
 + Level 3.9 Fighting
 + Level 0.3 Short Blades
 + Level 3.3 Maces & Flails
 + Level 3.8 Armour
 + Level 0.1 Dodging
 + Level 0.6 Stealth
 + Level 3.7 Shields


You had 3 spell levels left.
You didn't know any spells.
Your spell library contained the following spells:

 Spells                   Type           Power      Damage    Failure   Level
 Dazzling Flash           Conj/Hex       0%         N/A       100%        3
 Agony                    Necr           0%         N/A       100%        5
 Silence                  Hex/Air        0%         N/A       100%        5


Dungeon Overview and Level Annotations

Branches:
Dungeon (3/15)

Altars:


Innate Abilities, Weirdness & Mutations

You are immune to sickness and miasma.
Your stone body is resilient. (AC +3)
You are immune to poison.
You resist negative energy. (rN+)
You are resistant to electric shocks. (rElec)
You are resistant to unholy torment.
You are immune to petrification.


Message History

A gnoll comes into view. It is wielding a +0 flail.
A gnoll is nearby!
The gnoll shouts!
You hear a shout! 2 gnolls come into view.
The gnoll shouts! x2
A gnoll comes into view. It is wielding a +0 spear.
The gnoll closely misses you.
You hit the gnoll but do no damage.
The gnoll is poisoned.
The gnoll hits you with a +0 flail!
You hit the gnoll.
The gnoll is moderately wounded.
A kobold comes into view. It is wielding a +0 dagger.
The gnoll hits you but does no damage. x2; The gnoll hits you with a +0 whip.
You barely miss the gnoll.
The gnoll is moderately wounded.
The kobold shouts!
The gnoll hits you but does no damage. You block the gnoll's attack.
The gnoll hits you but does no damage.
You barely miss the gnoll.
The gnoll is moderately wounded.
The gnoll completely misses you. The gnoll hits you with a +0 flail.
The gnoll hits you but does no damage. The gnoll hits you with a +0 whip!
The gnoll barely misses you. You block the gnoll's attack.
The gnoll hits you with a +0 whip.
* * * LOW HITPOINT WARNING * * *
The gnoll barely misses you. The gnoll attacks as you move away!
You block the gnoll's attack.
The gnoll looks more healthy.
The gnoll attacks as you move away! The gnoll barely misses you.
The gnoll attacks as you move away! The gnoll barely misses you.
The gnoll attacks as you move away! You block the gnoll's attack.
The gnoll attacks as you move away! The gnoll hits you with a +0 flail!
* * * LOW HITPOINT WARNING * * *
There is an escape hatch in the floor here.
The gnoll attacks as you move away! You block the gnoll's attack.
Found a stone staircase leading down.
A kobold comes into view.
It is wielding a +0 short sword and quivering poisoned darts.
The kobold throws a poisoned dart.
You block the poisoned dart. The gnoll attacks as you move away!
The gnoll hits you with a +0 flail.
You die...

..# ##........ #..###.........
#..#.......... #.......<....
.####.......... ........# #####
....<.........†
........#####...##...##..........
............#...#..K..#..........
............#...@..##.#..........
.............>.g..........>......
............#....#####...........
............#g..## #...........
#g###.....g...# #....#......
#..##....K#.....# #....##.....
##.##.##.##...#.# .....##.....
#.##. #.######........###.....
#K##. #># .. ..# ###...


You could see 3 gnolls and 2 kobolds.

Vanquished Creatures
  Terence (D:2)
  A gnoll (D:1)
  2 adders (D:3)
  A worm (D:2)
  A dart slug (D:1)
  6 endoplasms
  A giant cockroach (D:3)
  5 hobgoblins
  2 jackals (D:2)
  2 quokkas
  5 ball pythons
  A bat (D:1)
  A frilled lizard (D:3)
  5 goblins
  4 kobolds
  2 rats (D:1)
40 creatures vanquished.

Notes
Turn   | Place    | Note
-------+----------+-------------------------------------------
     0 | D:1      | 101zpm the Gargoyle Fighter began the quest for the Orb.
     0 | D:1      | Reached XP level 1. HP: 14/14 MP: 1/1
    57 | D:1      | Reached XP level 2. HP: 16/19 MP: 2/2
   530 | D:1      | Found a faded altar of an unknown god.
   583 | D:1      | Reached XP level 3. HP: 24/24 MP: 3/3
  1243 | D:2      | Noticed Terence
  1252 | D:2      | Killed Terence
  1256 | D:2      | Reached XP level 4. HP: 17/29 MP: 4/4
  2324 | D:3      | Slain by a gnoll

Illustrated notes

Levels and vault maps discovered:
D:1:      minmay_arrival_three_doors, layout_basic,
          shapermc_ecumenical_altar_venn
D:2:      layout_basic, uniq_terence
D:3:      layout_rooms

Skill      XL: |  1  2  3 |
---------------+----------+-----
Maces & Flails | 3 |  3.3
Fighting       | |  3.9
Short Blades   | |  0.3
Armour         | |  3.8
Dodging        | |  0.1
Stealth        | |  0.6
Shields        | |  3.7

Action                   |  1- 3 |  4- 6 || total
-------------------------+-------+-------++-------
Melee: Flail             |    66 |       ||    66
       Short sword       |       |    58 ||    58
Armor: Scale mail        |    40 |       ||    40
       Chain mail        |       |    40 ||    40
Dodge: Dodged            |    40 |    33 ||    73
Block: Buckler           |    17 |    11 ||    28

Table legend: (Time is in decaauts)
 A = Elapsed time spent in this place.
 B = Non-inter-level travel time spent in this place.
 C = Inter-level travel time spent in this place.
 D = Time resting spent in this place.
 E = Time spent auto-exploring this place.
 F = Levels seen in this place.
 G = Mean time per level.
                   A        B        C        D        E       F      G
               +--------+--------+--------+--------+--------+-----+--------+
         Total |   2353 |   2137 |    216 |      0 |   1800 |   3 |  784.3 |
       Dungeon |   2353 |   2137 |    216 |      0 |   1800 |   3 |  784.3 |
               +--------+--------+--------+--------+--------+-----+--------+

Top non-repeatable levels by time:
     D:1: 1083 daAuts
     D:2: 948 daAuts
     D:3: 321 daAuts
